NCAA
MICHIGAN STATE SPARTANS @ IOWA HAWKEYES
04/21/2025
 
TOP OF THE 1ST
Michigan State Spartans batting - Pitching for Iowa Hawkeyes : RHP Ed Meadows
Pitching: RHP Ed Meadows
Batting: RHB Jorge Carranza 0-0: Fly out, F8 (Flyball, 8LM)
Batting: RHB Herman O'Gleason 0-0: Ball
1-0: Swinging Strike
1-1: Foul Ball, location: 2F
1-2: Strikes out swinging
Batting: LHB Cliff Mills 0-0: Ball
1-0: Foul Ball, location: 2F
1-1: Ball
2-1: Foul Ball, location: 2F
2-2: Strikes out swinging
Top of the 1st over - 0 run(s), 0 hit(s), 0 error(s), 0 left on base; Michigan State 0 - Iowa 0
BOTTOM OF THE 1ST
Iowa Hawkeyes batting - Pitching for Michigan State Spartans : RHP Nick Blackburn
Pitching: RHP Nick Blackburn
Batting: LHB Gilbert Stegall 0-0: Bunted foul
0-1: Fly out, F7 (Line Drive, 7S)
Batting: RHB Tad Greene 0-0: Ball
1-0: SINGLE (Groundball, 4M)
Batting: RHB Kelsey Scott 0-0: Called Strike
0-1: Foul Ball, location: 2F
0-2: Ball
1-2: Ball
2-2: Grounds into double play, 4-6-3 (Groundball, 4)
Bottom of the 1st over - 0 run(s), 1 hit(s), 0 error(s), 0 left on base; Michigan State 0 - Iowa 0
TOP OF THE 2ND
Michigan State Spartans batting - Pitching for Iowa Hawkeyes : RHP Ed Meadows
Batting: RHB Andrew Holmes 0-0: Fly out, F3 (Popup, 3L)
Batting: RHB Ryan Miller 0-0: Reached on error, E5 (Groundball, 56)
Batting: RHB Arthur Hopkins 0-0: Ball
1-0: Ball
2-0: Ball
3-0: Base on Balls
Ryan Miller to second
Batting: RHB Jesús Mendoza 0-0: Fly out, F8 (Flyball, 78M)
Batting: RHB Nick Whitehead 0-0: Reached on error, E5 (Groundball, 5)
Ryan Miller to third
Arthur Hopkins to second
Batting: RHB Clinton Cook 0-0: Called Strike
0-1: Called Strike
0-2: Foul Ball, location: 2F
0-2: Ball
1-2: GRAND SLAM HOME RUN (Flyball, 7D), Distance : 369 ft
Batting: RHB Jorge Carranza 0-0: Ground out 6-3 (Groundball, 6)
Top of the 2nd over - 4 run(s), 1 hit(s), 2 error(s), 0 left on base; Michigan State 4 - Iowa 0
BOTTOM OF THE 2ND
Iowa Hawkeyes batting - Pitching for Michigan State Spartans : RHP Nick Blackburn
Batting: RHB Rob Byrd 0-0: Foul Ball, location: 2F
0-1: Ball
1-1: Ball
2-1: Foul Ball, location: 2F
2-2: Ball
3-2: Foul Ball, location: 2F
3-2: Ground out 4-3 (Groundball, 4)
Batting: RHB John Boyer 0-0: Called Strike
0-1: Called Strike
0-2: SOLO HOME RUN (Flyball, 8RXD), Distance : 396 ft
Batting: RHB Paul Dunn 0-0: Ground out 4-3 (Groundball, 4M)
Batting: RHB Vincent Powers 0-0: SINGLE (Groundball, 34S)
Batting: SHB Travis Martin 0-0: Ball
1-0: Ball
2-0: Called Strike
2-1: Foul Ball, location: 2F
2-2: SINGLE (Groundball, 4M)
Vincent Powers to second
Batting: RHB Gary Simmons 0-0: Swinging Strike
0-1: Ball
1-1: Fielders Choice at 2nd, U4 (Groundball, 4M)
Bottom of the 2nd over - 1 run(s), 3 hit(s), 0 error(s), 2 left on base; Michigan State 4 - Iowa 1
TOP OF THE 3RD
Michigan State Spartans batting - Pitching for Iowa Hawkeyes : RHP Ed Meadows
Batting: RHB Herman O'Gleason 0-0: Ball
1-0: Ball
2-0: Ball
3-0: Base on Balls
Batting: LHB Cliff Mills 0-0: Fly out, F9 (Flyball, 89D)
Batting: RHB Andrew Holmes 0-0: Called Strike
0-1: Foul Ball, location: 2F
0-2: Fly out, F4 (Popup, 3D)
Batting: RHB Ryan Miller 0-0: Called Strike
Herman O'Gleason steals 2nd base
0-1: Foul Ball, location: 2F
0-2: Ball
1-2: Foul Ball, location: 2F
1-2: Ball
2-2: Ball
3-2: Base on Balls
Batting: RHB Arthur Hopkins 0-0: Ball
1-0: Foul Ball, location: 2F
1-1: Foul Ball, location: 2F
1-2: Fly out, F3 (Popup, 34)
Top of the 3rd over - 0 run(s), 0 hit(s), 0 error(s), 2 left on base; Michigan State 4 - Iowa 1
BOTTOM OF THE 3RD
Iowa Hawkeyes batting - Pitching for Michigan State Spartans : RHP Nick Blackburn
Batting: LHB Gilbert Stegall 0-0: Called Strike
0-1: SINGLE (Groundball, 56D)
Batting: RHB Tad Greene 0-0: Called Strike
0-1: Ball
1-1: Ball
2-1: Ball
3-1: Called Strike
3-2: Base on Balls
Gilbert Stegall to second
Batting: RHB Kelsey Scott 0-0: Ball
1-0: Ball
2-0: Called Strike
2-1: Foul Ball, location: 2F
2-2: Foul Ball, location: 2F
2-2: Grounds into double play, 6-4-3 (Groundball, 6)
Gilbert Stegall to third
Batting: RHB Rob Byrd 0-0: Ball
1-0: DOUBLE (Flyball, 9LM)
Gilbert Stegall scores
Batting: RHB John Boyer 0-0: Called Strike
0-1: Ground out U3 (Groundball, 3)
Bottom of the 3rd over - 1 run(s), 2 hit(s), 0 error(s), 1 left on base; Michigan State 4 - Iowa 2
TOP OF THE 4TH
Michigan State Spartans batting - Pitching for Iowa Hawkeyes : RHP Ed Meadows
Batting: RHB Jesús Mendoza 0-0: Foul Ball, location: 2F
0-1: Ball
1-1: Fly out, F3 (Popup, 3SF)
Batting: RHB Nick Whitehead 0-0: Ball
1-0: SINGLE (Groundball, 6MD)
Batting: RHB Clinton Cook 0-0: Ball
1-0: Called Strike
1-1: Ball
2-1: Swinging Strike
2-2: Foul Ball, location: 2F
2-2: Ball
3-2: Foul Ball, location: 2F
3-2: Fly out, F8 (Flyball, 8RM)
Batting: RHB Jorge Carranza 0-0: Called Strike
Nick Whitehead steals 2nd base
0-1: Foul Ball, location: 2F
0-2: Ball
1-2: Ball
2-2: Foul Ball, location: 2F
2-2: Fly out, F7 (Flyball, 7M)
Top of the 4th over - 0 run(s), 1 hit(s), 0 error(s), 1 left on base; Michigan State 4 - Iowa 2
BOTTOM OF THE 4TH
Iowa Hawkeyes batting - Pitching for Michigan State Spartans : RHP Nick Blackburn
Batting: RHB Paul Dunn 0-0: Called Strike
0-1: Ball
1-1: Foul Ball, location: 2F
1-2: SINGLE (Line Drive, 8LS)
Batting: RHB Vincent Powers 0-0: Called Strike
0-1: Swinging Strike
0-2: Ball
1-2: Fly out, F5 (Popup, 5SF)
Batting: SHB Travis Martin 0-0: Ball
1-0: SINGLE (Groundball, 34)
Paul Dunn to second
Runner from 2nd tries for 3rd, SAFE, throw made to third
Batting: RHB Gary Simmons 0-0: Ball
Travis Martin steals 2nd base
1-0: Fly out, F6 (Popup, 6S)
Batting: LHB Gilbert Stegall 0-0: Called Strike
0-1: Swinging Strike
0-2: Ball
1-2: Foul Ball, location: 2F
1-2: Foul Ball, location: 2F
1-2: Ball
2-2: Fly out, F7 (Flyball, 7LM)
Bottom of the 4th over - 0 run(s), 2 hit(s), 0 error(s), 2 left on base; Michigan State 4 - Iowa 2
TOP OF THE 5TH
Michigan State Spartans batting - Pitching for Iowa Hawkeyes : RHP Ed Meadows
Batting: RHB Herman O'Gleason 0-0: Ball
1-0: Ball
2-0: Ground out 6-3 (Groundball, 6M)
Batting: LHB Cliff Mills 0-0: Fly out, F7 (Flyball, 7S)
Batting: RHB Andrew Holmes 0-0: SINGLE (Flyball, 8RS)
Batting: RHB Ryan Miller 0-0: Ball
1-0: Foul Ball, location: 2F
1-1: Foul Ball, location: 2F
1-2: Strikes out swinging
Top of the 5th over - 0 run(s), 1 hit(s), 0 error(s), 1 left on base; Michigan State 4 - Iowa 2
BOTTOM OF THE 5TH
Iowa Hawkeyes batting - Pitching for Michigan State Spartans : RHP Nick Blackburn
Batting: RHB Tad Greene 0-0: Called Strike
0-1: Swinging Strike
0-2: Ball
1-2: SINGLE (Flyball, 9LS)
Batting: RHB Kelsey Scott 0-0: Called Strike
0-1: Called Strike
0-2: Ball
1-2: Grounds into double play, 3-6-3 (Groundball, 3)
Batting: RHB Rob Byrd 0-0: Called Strike
0-1: Called Strike
0-2: Ball
1-2: Ball
2-2: Ball
3-2: Ground out 6-3 (Groundball, 6)
Bottom of the 5th over - 0 run(s), 1 hit(s), 0 error(s), 0 left on base; Michigan State 4 - Iowa 2
TOP OF THE 6TH
Michigan State Spartans batting - Pitching for Iowa Hawkeyes : RHP Ed Meadows
Batting: RHB Arthur Hopkins 0-0: Called Strike
0-1: Ball
1-1: SINGLE (Groundball, 6MD)
Batting: RHB Jesús Mendoza 0-0: Ball
1-0: SINGLE (Groundball, 4MD)
Arthur Hopkins to second
Runner from 2nd tries for 3rd, SAFE, no throw or cutoff
Batting: RHB Nick Whitehead 0-0: Ball
1-0: Fly out, F8 (Flyball, 8LM)
Runner from 3rd tags up, SCORES, no throw
Batting: RHB Clinton Cook 0-0: DOUBLE (Flyball, 9LM)
Jesús Mendoza to third
Batting: RHB Jorge Carranza 0-0: Called Strike
0-1: Called Strike
0-2: Strikes out swinging
Pitching: RHP Eduardo Morales
Batting: RHB Herman O'Gleason 0-0: Swinging Strike
Balk!
Jesús Mendoza scores
Clinton Cook to third
0-1: Swinging Strike
0-2: Strikes out swinging
Top of the 6th over - 2 run(s), 3 hit(s), 0 error(s), 1 left on base; Michigan State 6 - Iowa 2
BOTTOM OF THE 6TH
Iowa Hawkeyes batting - Pitching for Michigan State Spartans : RHP Nick Blackburn
Pitching: RHP Bill Weber
Batting: RHB John Boyer 0-0: Fly out, F8 (Flyball, 8LM)
Batting: RHB Paul Dunn 0-0: Called Strike
0-1: Ball
1-1: Ball
2-1: Ground out 6-3 (Groundball, 56)
Batting: RHB Vincent Powers 0-0: Fly out, F7 (Line Drive, 7M)
Bottom of the 6th over - 0 run(s), 0 hit(s), 0 error(s), 0 left on base; Michigan State 6 - Iowa 2
TOP OF THE 7TH
Michigan State Spartans batting - Pitching for Iowa Hawkeyes : RHP Eduardo Morales
Batting: LHB Cliff Mills 0-0: Called Strike
0-1: Ground out 4-3 (Groundball, 4)
Batting: RHB Andrew Holmes 0-0: Ground out 5-3 (Groundball, 5)
Batting: RHB Ryan Miller 0-0: Foul Ball, location: 2F
0-1: Foul Ball, location: 2F
0-2: Ball
1-2: Ball
2-2: Ball
3-2: Foul Ball, location: 2F
3-2: Foul Ball, location: 2F
3-2: Base on Balls
Batting: RHB Arthur Hopkins 0-0: Fly out, F8 (Flyball, 8RS)
Top of the 7th over - 0 run(s), 0 hit(s), 0 error(s), 1 left on base; Michigan State 6 - Iowa 2
BOTTOM OF THE 7TH
Iowa Hawkeyes batting - Pitching for Michigan State Spartans : RHP Bill Weber
Batting: SHB Travis Martin 0-0: Ground out 1-3 (Groundball, 13)
Batting: RHB Gary Simmons 0-0: Ball
1-0: Foul Ball, location: 2F
1-1: Ball
2-1: SINGLE (Line Drive, 9S)
Batting: LHB Gilbert Stegall 0-0: Foul Ball, location: 2F
0-1: Foul Ball, location: 2F
0-2: Foul Ball, location: 2F
0-2: Ball
1-2: Fielders Choice at 2nd, 5-4 (Groundball, 56)
Batting: RHB Tad Greene 0-0: Ball
1-0: Ball
2-0: Foul Ball, location: 2F
2-1: Ball
3-1: Foul Ball, location: 2F
3-2: Base on Balls
Gilbert Stegall to second
Batting: RHB Kelsey Scott 0-0: Ball
1-0: Swinging Strike
1-1: Ground out 4-3 (Groundball, 4S)
Bottom of the 7th over - 0 run(s), 1 hit(s), 0 error(s), 2 left on base; Michigan State 6 - Iowa 2
TOP OF THE 8TH
Michigan State Spartans batting - Pitching for Iowa Hawkeyes : RHP Eduardo Morales
Batting: RHB Jesús Mendoza 0-0: TRIPLE (Flyball, 9LM)
Batting: RHB Nick Whitehead 0-0: SINGLE (Line Drive, 6MD)
Jesús Mendoza scores
Batting: RHB Clinton Cook 0-0: Ball
Nick Whitehead is caught stealing 2nd base
1-0: Called Strike
1-1: Ball
2-1: Ball
3-1: Ground out 6-3 (Groundball, 6)
Now at SS: Tim Dunn
Batting: RHB Jorge Carranza 0-0: Called Strike
0-1: Ball
1-1: Called Strike
1-2: SINGLE (Line Drive, 8LS)
Batting: RHB Herman O'Gleason 0-0: Foul Ball, location: 2F
0-1: Foul Ball, location: 2F
0-2: Ball
1-2: Ball
2-2: Ball
Jorge Carranza is caught stealing 2nd base
Top of the 8th over - 1 run(s), 3 hit(s), 0 error(s), 0 left on base; Michigan State 7 - Iowa 2
BOTTOM OF THE 8TH
Iowa Hawkeyes batting - Pitching for Michigan State Spartans : RHP Bill Weber
Pitching: RHP Jesús Fabián
Batting: RHB Rob Byrd 0-0: Reached on error, E5 (Groundball, 5)
Batting: RHB Tim Dunn 0-0: Swinging Strike
0-1: Foul Ball, location: 2F
0-2: Ball
1-2: Fly out, F8 (Flyball, 8LM)
Batting: RHB Paul Dunn 0-0: Ball
1-0: Grounds into double play, 4-6-3 (Groundball, 4)
Bottom of the 8th over - 0 run(s), 0 hit(s), 1 error(s), 0 left on base; Michigan State 7 - Iowa 2
TOP OF THE 9TH
Michigan State Spartans batting - Pitching for Iowa Hawkeyes : RHP Eduardo Morales
Batting: RHB Herman O'Gleason 0-0: Ball
1-0: Foul Ball, location: 2F
1-1: Foul Ball, location: 2F
1-2: Strikes out swinging
Batting: LHB Cliff Mills 0-0: SINGLE (Line Drive, 34)
Batting: RHB Andrew Holmes 0-0: Ball
1-0: Ball
2-0: Ball
3-0: Called Strike
3-1: Foul Ball, location: 2F
3-2: Strikes out swinging
Pitching: RHP Dennis Montés
Batting: RHB Ryan Miller 0-0: Ball
1-0: Ball
2-0: Ball
3-0: Called Strike
3-1: Swinging Strike
3-2: Foul Ball, location: 2F
3-2: Strikes out looking
Top of the 9th over - 0 run(s), 1 hit(s), 0 error(s), 1 left on base; Michigan State 7 - Iowa 2
BOTTOM OF THE 9TH
Iowa Hawkeyes batting - Pitching for Michigan State Spartans : RHP Jesús Fabián
Now at C: José Arce
Batting: RHB Vincent Powers 0-0: Ball
1-0: Ball
2-0: Ball
3-0: Base on Balls
Batting: SHB Travis Martin 0-0: Ball
1-0: Foul Ball, location: 2F
1-1: Foul Ball, location: 2F
1-2: Foul Ball, location: 2F
1-2: Foul Ball, location: 2F
1-2: SINGLE (Line Drive, 6M)
Vincent Powers to second
Batting: RHB Gary Simmons 0-0: SINGLE (Groundball, 56D)
Vincent Powers to third
Travis Martin to second
Runner from 3rd tries for Home, SAFE, throw made at trailing runner, SAFE at third!
Pitching: LHP Carlos Martínez
Batting: LHB Gilbert Stegall 0-0: Called Strike
0-1: Ball
Passed Ball!
Travis Martin scores
Gary Simmons to second
1-1: Swinging Strike
1-2: Foul Ball, location: 2F
1-2: Foul Ball, location: 2F
1-2: Foul Ball, location: 2F
1-2: Strikes out swinging
Batting: RHB Tad Greene 0-0: SINGLE (Groundball, 3D)
Gary Simmons to third
Batting: RHB Kelsey Scott 0-0: Ball
1-0: Swinging Strike
1-1: Foul Ball, location: 2F
1-2: Strikes out swinging
Batting: RHB Rob Byrd 0-0: Called Strike
0-1: Ball
1-1: Foul Ball, location: 2F
1-2: Ball
2-2: Foul Ball, location: 2F
2-2: DOUBLE (Line Drive, 78M)
Gary Simmons scores
Tad Greene to third
Batting: RHB Tim Dunn 0-0: Foul Ball, location: 2F
0-1: Ball
1-1: DOUBLE (Line Drive, 9LD)
Tad Greene scores
Rob Byrd scores
Batting: RHB Paul Dunn 0-0: Ball
1-0: Called Strike
1-1: Ground out 1-3 (Groundball, 15)
Bottom of the 9th over - 5 run(s), 5 hit(s), 0 error(s), 1 left on base; Michigan State 7 - Iowa 7
TOP OF THE 10TH
Michigan State Spartans batting - Pitching for Iowa Hawkeyes : RHP Dennis Montés
Pitching: RHP Tom Wilson
Batting: RHB Arthur Hopkins 0-0: Ball
1-0: Ground out 4-3 (Groundball, 4)
Batting: RHB Jesús Mendoza 0-0: Ball
1-0: Ground out 4-3 (Groundball, 4)
Batting: RHB Nick Whitehead 0-0: Ball
1-0: Ball
2-0: SINGLE (Groundball, 6D)
Batting: RHB Clinton Cook 0-0: Ball
1-0: Ball
Nick Whitehead steals 2nd base
2-0: Foul Ball, location: 2F
2-1: Called Strike
2-2: Ball
3-2: SINGLE (Line Drive, 4D)
Nick Whitehead to third
Nick Whitehead scores
Batting: RHB Jorge Carranza 0-0: Foul Ball, location: 2F
0-1: Foul Ball, location: 2F
0-2: Foul Ball, location: 2F
0-2: Strikes out swinging
Top of the 10th over - 1 run(s), 2 hit(s), 0 error(s), 1 left on base; Michigan State 8 - Iowa 7
BOTTOM OF THE 10TH
Iowa Hawkeyes batting - Pitching for Michigan State Spartans : LHP Carlos Martínez
Batting: RHB Vincent Powers 0-0: Called Strike
0-1: Ball
1-1: Ball
2-1: Ball
3-1: Base on Balls
Pitching: RHP Darren Payne
Batting: SHB Travis Martin 0-0: Foul Ball, location: 2F
0-1: Sac Bunt - play at first, batter OUT! 2-4
Vincent Powers to second
Batting: RHB Gary Simmons 0-0: Called Strike
0-1: Ball
1-1: SINGLE (Line Drive, 89S)
Vincent Powers to third
Runner from 3rd tries for Home, SAFE, no throw or cutoff
Batting: LHB Gilbert Stegall 0-0: Ball
1-0: Foul Ball, location: 2F
1-1: Foul Ball, location: 2F
1-2: Ball
2-2: Ball
3-2: Fly out, F8 (Flyball, 8LM)
Batting: RHB Tad Greene 0-0: Ball
1-0: Called Strike
1-1: Fly out, F8 (Flyball, 8RM)
Bottom of the 10th over - 1 run(s), 1 hit(s), 0 error(s), 1 left on base; Michigan State 8 - Iowa 8
TOP OF THE 11TH
Michigan State Spartans batting - Pitching for Iowa Hawkeyes : RHP Tom Wilson
Batting: RHB Herman O'Gleason 0-0: Ball
1-0: Swinging Strike
1-1: Ball
2-1: Fly out, F8 (Flyball, 78S)
Batting: LHB Cliff Mills 0-0: Ball
1-0: Ball
2-0: Called Strike
2-1: SINGLE (Line Drive, 6MD)
Batting: LHB José Arce 0-0: Ball
1-0: Ball
2-0: Swinging Strike
2-1: Ball
3-1: Ground out 3-1 (Groundball, 34)
Cliff Mills to second
Batting: RHB Ryan Miller 0-0: Ball
1-0: Ball
2-0: Ball
3-0: Base on Balls
Batting: RHB Arthur Hopkins 0-0: Ball
1-0: Fly out, F4 (Line Drive, 4)
Top of the 11th over - 0 run(s), 1 hit(s), 0 error(s), 2 left on base; Michigan State 8 - Iowa 8
BOTTOM OF THE 11TH
Iowa Hawkeyes batting - Pitching for Michigan State Spartans : RHP Darren Payne
Batting: RHB Kelsey Scott 0-0: Ball
1-0: Fly out, F8 (Flyball, 8RM)
Batting: RHB Rob Byrd 0-0: Ball
1-0: Called Strike
1-1: Called Strike
1-2: Ground out 6-3 (Groundball, 6)
Batting: RHB Tim Dunn 0-0: Ball
1-0: Ground out 6-3 (Groundball, 6)
Bottom of the 11th over - 0 run(s), 0 hit(s), 0 error(s), 0 left on base; Michigan State 8 - Iowa 8
TOP OF THE 12TH
Michigan State Spartans batting - Pitching for Iowa Hawkeyes : RHP Tom Wilson
Pitching: RHP Jim Henson
Batting: RHB Jesús Mendoza 0-0: Called Strike
0-1: Ball
1-1: Swinging Strike
1-2: Strikes out swinging
Batting: RHB Nick Whitehead 0-0: Ball
1-0: Ground out 1-3 (Groundball, 15)
Batting: RHB Clinton Cook 0-0: Called Strike
0-1: Called Strike
0-2: Ball
1-2: Foul Ball, location: 2F
1-2: Ball
2-2: Foul Ball, location: 2F
2-2: Foul Ball, location: 2F
2-2: Strikes out swinging
Top of the 12th over - 0 run(s), 0 hit(s), 0 error(s), 0 left on base; Michigan State 8 - Iowa 8
BOTTOM OF THE 12TH
Iowa Hawkeyes batting - Pitching for Michigan State Spartans : RHP Darren Payne
Batting: RHB Paul Dunn 0-0: Foul Ball, location: 2F
0-1: Ball
1-1: SINGLE (Flyball, 6MD)
Batting: RHB Vincent Powers 0-0: Bunted foul
0-1: Sac Bunt - play at first, batter OUT! 1-4
Paul Dunn to second
Batting: SHB Travis Martin 0-0: Ball
1-0: SINGLE (Groundball, 6M)
Paul Dunn to third
Runner from 3rd tries for Home, SAFE, throw made home
This league is powered by Out of the Park Baseball, the baseball management simulation game for PC, Mac and Linux
Tuesday, August 2nd, 2016 - OOTP Baseball 16.8 Build 38